 Dungeon Crawl Stone Soup version 0.23-a0-837-ga3e6480 (webtiles) character file.

12524 tidbits the Fighter (level 11, 50/92 HPs)
             Began as a Gnoll Wanderer on Jan 24, 2019.
             Was an Elder of Cheibriados.
             Quit the game on level 1 of the Lair of Beasts.
             The game lasted 00:38:47 (3068 turns).

tidbits the Fighter (Gnoll Wanderer)                Turns: 3068, Time: 00:38:48

Health: 50/92      AC: 36    Str: 31    XL:     11   Next: 94%
Magic:  7/7        EV: 11    Int: 26    God:    Cheibriados [****..]
Gold:   286        SH:  0    Dex: 26    Spells: 23/23 levels left

rFire    x . .     SeeInvis +   c - +0 spear of Salt {antimagic, rC+++ Int-3 Dex-2 Stlth+} (curse)
rCold    + + +     Gourm    .   (no shield)
rNeg     . . .     Faith    .   B - +14 crystal plate armour "Gifosm Mafy" {Int+4 Dex+4}
rPois    .         Spirit   .   E - +0 helmet {SInv}
rElec    .         Reflect  .   C - +2 cloak
rCorr    .         Harm     .   (no gloves)
MR       .....                  (no boots)
Stlth    ..........             (no amulet)
HPRegen  0.25/turn              k - +3 ring of strength
MPRegen  0.10/turn              D - ring of ice

@: very slow
A: distributed training, fangs 1, strong nose
a: Bend Time, Temporal Distortion, Slouch, Renounce Religion


You were on level 1 of the Lair of Beasts.
You worshipped Cheibriados.
Cheibriados was greatly pleased with you.
You were not hungry.

You visited 3 branches of the dungeon, and saw 14 of its levels.
You also visited: Bailey.

You collected 286 gold pieces.

Inventory:

Hand Weapons
 a - a +2 quarterstaff
 c - the cursed +0 spear of Salt (weapon) {antimagic, rC+++ Int-3 Dex-2 Stlth+}
   (You found it on level 1 of the Lair of Beasts)

   It reduces the magical energy of the wielder, and disrupts the spells and
   magical abilities of those hit.
   Natural abilities and divine invocations are not affected.
   It affects your intelligence (-3).
   It affects your dexterity (-2).
   It renders you almost immune to cold.
   It makes you more stealthy.
   It has a curse placed upon it.
 r - a +0 trident of freezing
   (You took it off an orc on level 8 of the Dungeon)
 H - a +0 great sword
 I - a +0 shortbow
 M - a +0 war axe
 Q - the +10 halberd of Pow Ofas {antimagic, MR+}
   (You found it on level 10 of the Dungeon)

   It reduces the magical energy of the wielder, and disrupts the spells and
   magical abilities of those hit.
   Natural abilities and divine invocations are not affected.
   It affects your resistance to hostile enchantments.
 R - the +7 spear of Bodily Humours {pierce, Str+4}
   (You found it on level 10 of the Dungeon)

   It inflicts extra damage upon your enemies.
   It affects your strength (+4).
 V - a -3 blowgun
 W - a +2 dagger of venom
   (You took it off Josephine on level 10 of the Dungeon)
 Y - a +0 fustibalus
Missiles
 g - 110 stones
 l - 37 poisoned needles
 p - 16 curare-tipped needles
 w - 4 tomahawks
 x - 31 sling bullets
 y - 6 javelins (quivered)
 J - 128 arrows
Armour
 d - a +0 robe
 e - a +0 helmet
 h - a +0 ring mail
 o - a +0 ring mail
 A - a +3 leather armour
 B - the +14 crystal plate armour "Gifosm Mafy" (worn) {Int+4 Dex+4}
   (You found it in a bailey)

   It affects your intelligence (+4).
   It affects your dexterity (+4).
 C - a +2 cloak (worn)
 E - a +0 helmet of see invisible (worn)
   (You found it in a bailey)
 T - a +0 scale mail
Magical Staves
 N - an uncursed staff of energy {!a}
   (You took it off an orc on level 9 of the Dungeon)
 S - an uncursed staff of power {unknown}
   (You found it in a bailey)
Jewellery
 k - a +3 ring of strength (left hand)
   (You found it on level 2 of the Dungeon)
 D - a ring of ice (right hand)
   (You found it on level 1 of the Lair of Beasts)
 K - an uncursed ring of teleportation
   (You found it on level 8 of the Dungeon)
Wands
 f - a wand of iceblast (21)
 s - a wand of disintegration (17)
Scrolls
 i - a scroll of fog
 j - 3 scrolls of magic mapping
 n - 2 scrolls of amnesia
 q - a scroll of fear
 t - 2 scrolls of teleportation
 v - a scroll of holy word {unknown}
 G - 2 scrolls of enchant weapon
 X - a scroll of immolation {!r}
 Z - a scroll of enchant armour
Potions
 b - 2 potions of curing
 m - a potion of cancellation
 z - a potion of resistance
 L - a potion of ambrosia
 O - a potion of might
 U - a potion of agility
Miscellaneous
 P - a fan of gales
Comestibles
 u - 11 rations


   Skills:
 + Level 10.7 Fighting
 + Level 6.6 Short Blades
 + Level 6.6 Long Blades
 + Level 6.6 Axes
 + Level 6.6 Maces & Flails
 + Level 6.6 Polearms
 + Level 8.1 Staves
 + Level 6.6 Slings
 + Level 7.2 Bows
 + Level 6.6 Crossbows
 + Level 6.6 Throwing
 + Level 6.6 Armour
 + Level 7.2 Dodging
 + Level 6.6 Stealth
 + Level 7.2 Shields
 + Level 6.6 Unarmed Combat
 + Level 6.6 Spellcasting
 + Level 5.5 Conjurations
 + Level 5.5 Hexes
 + Level 5.5 Charms
 + Level 5.5 Summonings
 + Level 5.5 Necromancy
 + Level 5.5 Translocations
 + Level 5.5 Transmutations
 + Level 5.5 Fire Magic
 + Level 5.5 Ice Magic
 + Level 5.5 Air Magic
 + Level 5.5 Earth Magic
 + Level 5.5 Poison Magic
 + Level 7.3 Invocations
 + Level 7.2 Evocations


You had 23 spell levels left.
You didn't know any spells.
Your spell library was empty.

Dungeon Overview and Level Annotations

Branches:
Dungeon (11/15)            Temple (1/1) D:5            Lair (2/6) D:11
  Snake (0/4) Lair:2          Orc (0/2) D:10
  Swamp: Lair:2-4    Shoals: Lair:2-4

Altars:
Cheibriados
Dithmenos
Elyvilon
Fedhas
Gozag
Hepliaklqana
Kikubaaqudgha
Makhleb
Nemelex Xobeh
Ru
Sif Muna
Vehumet
Wu Jian
Xom
Yredelemnul
Zin
The Shining One


Innate Abilities, Weirdness & Mutations

Your experience applies equally to all skills.
You have very sharp teeth.
Your uncanny sense of smell can sniff out nearby items.


Message History

The plant is in the way.
You slice the plant!!
You destroy the plant!
The bullfrog hits you but does no damage. x3
You completely miss the bullfrog. The bullfrog barely misses you.
The bullfrog closely misses you.
You puncture the bullfrog! Your bite misses the bullfrog.
The bullfrog is heavily wounded.
The bullfrog hits you but does no damage.
You puncture the bullfrog!
The bullfrog is severely wounded.
The bullfrog hits you but does no damage.
The bullfrog hits you.
You hit the bullfrog.
You kill the bullfrog!
Cheibriados thoroughly appreciates the change of pace.
The oklob plant spits acid at you.
The splash of acid hits you but does no damage.
You are splashed with acid!
You see here a bullfrog corpse.
Unknown command.
Attack whom?
Press: ? - help, Dir - move target cursor, f - oklob plant
Aim: an oklob plant You reach to attack!
You slice the oklob plant!!
The oklob plant is heavily damaged.
Attack whom?
Press: ? - help, Dir - move target cursor, f/p - oklob plant
Aim: an oklob plant (heavily damaged)
You reach to attack!
You impale the oklob plant!!
You destroy the oklob plant!
Cheibriados thoroughly appreciates the change of pace.
The oklob plant spits acid at you.
The splash of acid hits you but does no damage.
The acid corrodes you!
You are splashed with acid!
The oklob plant spits acid at you. The splash of acid hits you.
The acid corrodes you!
You are splashed with acid!
* * * LOW HITPOINT WARNING * * *
Unknown command.
Attack whom?
Press: ? - help, Dir - move target cursor, f - oklob plant
Aim: an oklob plant You reach to attack!
You puncture the oklob plant!
The oklob plant is moderately damaged.
The oklob plant spits acid at you. The splash of acid hits you.
* * * LOW HITPOINT WARNING * * *
You are splashed with acid!
* * * LOW HITPOINT WARNING * * *
Attack whom?
Press: ? - help, Dir - move target cursor, f/p - oklob plant
Aim: an oklob plant (moderately damaged)
You reach to attack!
You hit the oklob plant but do no damage.
The oklob plant is moderately damaged.
Evoke which item? (* to show all) (? for menu, Esc to quit)
Aiming: Disintegrate
Press: ? - help, Shift-Dir - straight line, f/p - oklob plant
Aim: an oklob plant (moderately damaged, chance to defeat MR: 75%)
The oklob plant is blasted.
Evoke which item? (* to show all) (? for menu, Esc to quit)
Aiming: Disintegrate
Press: ? - help, Shift-Dir - straight line, f/p - oklob plant
Aim: an oklob plant (severely damaged, chance to defeat MR: 75%)
The oklob plant struggles to resist.
Evoke which item? (* to show all) (? for menu, Esc to quit)
Aiming: Disintegrate
Press: ? - help, Shift-Dir - straight line, f/p - oklob plant
Aim: an oklob plant (severely damaged, chance to defeat MR: 75%)
The oklob plant is blasted.
You blow up the oklob plant!
Cheibriados thoroughly appreciates the change of pace.
You see here a ration.
You eat the ration.
That ration really hit the spot!
You see here an ichor-stained spear.
c - an ichor-stained spear You see here a wand of iceblast (8).
f - a wand of iceblast (21) (gained 8 charges)
You see here 19 gold pieces.
You now have 286 gold pieces (gained 19).
You see here a bullfrog corpse.
Items here: ))) [ a +0 hunting sling x2; a +0 quarterstaff; a +0 leather armour You are no longer corroded.
Found an escape hatch in the floor.
Found a scroll of identify.
Found 15 stones.
Things that are here:
15 stones; a pair of gloves Unknown command.
Drop what? 52/52 slots (_ for help) (? for menu, Esc to quit)
You drop a +1 trident.
Wield which item (- for none, * to show all)? (? for menu, Esc to quit)
You feel magic returning to you.
You feel stupid.
You feel clumsy.
You feel magic leave you. It sticks to your hand!
c - the cursed +0 spear of Salt (weapon)
{antimagic, rC+++ Int-3 Dex-2 Stlth+}
Okay, then.
Okay, then.
Unknown command.
Are you sure you want to abandon this character and quit the game? (Confirm with "yes".)

.... ..... ###
..... ##.#
.....##..##
..........
#.......####
#.....@...#
##.......####
##......##.###
##....?.#.#.#
##.....>..##
#.#.......## ##
####.......## #.
#........## ###.
###.......###P#.


There were no monsters in sight!

Vanquished Creatures
  Josephine (D:10)
  2 two-headed ogres
  Sonja (D:10)
  An unseen horror (D:10)
  2 orc knights (Bailey)
  2 oklob plants (Lair:1)
  A cyclops (D:11)
  Joseph (Lair:1)
  A komodo dragon (D:11)
  Prince Ribbit (Lair:1)
  3 blink frogs (Lair:1)
  A hippogriff (D:9)
  3 wraiths (D:10)
  7 humans (D:9)
  6 yaks (D:9)
  A hungry ghost (D:5)
  A soldier ant (D:11)
  3 water moccasins (Lair:1)
  3 ice beasts
  6 orc warriors
  2 ogres
  A phantom (D:7)
  2 centaurs
  4 bullfrogs
  2 scorpions (D:10)
  3 howler monkeys (D:7)
  4 wights (D:7)
  4 crimson imps
  2 bullfrog zombies
  4 jellies
  6 orc priests
  A gnoll shaman (D:4)
  5 orc wizards
  Crazy Yiuf (D:6)
  3 hounds
  2 bullfrog skeletons
  An iguana (D:11)
  Ijyb (D:4)
  7 worker ants
  A killer bee zombie (D:2)
  A worker ant zombie (D:7)
  2 gnolls (D:4)
  6 adders
  2 shadow imps
  6 oozes
  A worm (D:3)
  A dart slug (D:2)
  3 leopard geckos
  37 orcs
  2 bats (D:3)
  5 giant cockroaches
  3 goblins
  2 hobgoblins (D:2)
  12 jackals
  3 kobolds
  3 quokkas
  A quokka skeleton (D:9)
  2 rats
  2 plants
197 creatures vanquished.

Vanquished Creatures (others)
  A plant (D:11)
1 creature vanquished.

Grand Total: 198 creatures vanquished

Notes
Turn   | Place    | Note
-------+----------+-------------------------------------------
     0 | D:1      | tidbits the Gnoll Wanderer began the quest for the Orb.
     0 | D:1      | tidbits set off with the following items: a +2
                  | quarterstaff, 2 potions of curing, a +0 robe, a ration
     0 | D:1      | Reached XP level 1. HP: 26/26 MP: 2/2
   132 | D:2      | Reached XP level 2. HP: 13/33 MP: 3/3
   132 | D:2      | Reached XP level 3. HP: 15/38 MP: 4/4
   226 | D:2      | Reached skill level 1 in Invocations
   240 | D:2      | HP: 7/38 [jackal (3)]
   263 | D:2      | HP: 5/38 [adder (4)]
   266 | D:2      | Reached skill level 1 in Short Blades
   266 | D:2      | Reached skill level 1 in Long Blades
   266 | D:2      | Reached skill level 1 in Axes
   266 | D:2      | Reached skill level 1 in Maces & Flails
   266 | D:2      | Reached skill level 1 in Polearms
   266 | D:2      | Reached skill level 1 in Slings
   266 | D:2      | Reached skill level 1 in Crossbows
   266 | D:2      | Reached skill level 1 in Throwing
   266 | D:2      | Reached skill level 1 in Armour
   266 | D:2      | Reached skill level 1 in Stealth
   266 | D:2      | Reached skill level 1 in Unarmed Combat
   266 | D:2      | Reached skill level 1 in Spellcasting
   268 | D:2      | Reached XP level 4. HP: 12/45 MP: 4/6
   533 | D:4      | Reached skill level 1 in Conjurations
   533 | D:4      | Reached skill level 1 in Hexes
   533 | D:4      | Reached skill level 1 in Charms
   533 | D:4      | Reached skill level 1 in Summonings
   533 | D:4      | Reached skill level 1 in Necromancy
   533 | D:4      | Reached skill level 1 in Translocations
   533 | D:4      | Reached skill level 1 in Transmutations
   533 | D:4      | Reached skill level 1 in Fire Magic
   533 | D:4      | Reached skill level 1 in Ice Magic
   533 | D:4      | Reached skill level 1 in Air Magic
   533 | D:4      | Reached skill level 1 in Earth Magic
   533 | D:4      | Reached skill level 1 in Poison Magic
   553 | D:4      | Reached XP level 5. HP: 48/51 MP: 7/7
   577 | D:4      | Reached skill level 3 in Bows
   577 | D:4      | Reached skill level 3 in Dodging
   577 | D:4      | Reached skill level 3 in Shields
   577 | D:4      | Reached skill level 3 in Evocations
   578 | D:4      | Noticed Ijyb
   631 | D:5      | Entered Level 5 of the Dungeon
   642 | D:5      | Found a staircase to the Ecumenical Temple.
   648 | Temple   | Entered the Ecumenical Temple
   718 | Temple   | Became a worshipper of Cheibriados the Contemplative
   761 | D:4      | Noticed an ogre
   767 | D:4      | Killed an ogre
   767 | D:4      | Reached skill level 2 in Invocations
   767 | D:4      | Reached XP level 6. HP: 52/57 MP: 8/8
   857 | D:4      | Killed Ijyb
   857 | D:4      | Reached skill level 5 in Staves
   865 | D:5      | Noticed a hungry ghost
   872 | D:5      | Killed a hungry ghost
   872 | D:5      | Reached skill level 2 in Short Blades
   872 | D:5      | Reached skill level 2 in Long Blades
   872 | D:5      | Reached skill level 2 in Axes
   872 | D:5      | Reached skill level 2 in Maces & Flails
   872 | D:5      | Reached skill level 2 in Polearms
   872 | D:5      | Reached skill level 2 in Slings
   872 | D:5      | Reached skill level 2 in Crossbows
   872 | D:5      | Reached skill level 2 in Throwing
   872 | D:5      | Reached skill level 2 in Armour
   872 | D:5      | Reached skill level 2 in Stealth
   872 | D:5      | Reached skill level 2 in Unarmed Combat
   872 | D:5      | Reached skill level 2 in Spellcasting
   872 | D:5      | Reached XP level 7. HP: 58/63 MP: 8/10
   918 | D:5      | Reached skill level 2 in Conjurations
   918 | D:5      | Reached skill level 2 in Hexes
   918 | D:5      | Reached skill level 2 in Charms
   918 | D:5      | Reached skill level 2 in Summonings
   918 | D:5      | Reached skill level 2 in Necromancy
   918 | D:5      | Reached skill level 2 in Translocations
   918 | D:5      | Reached skill level 2 in Transmutations
   918 | D:5      | Reached skill level 2 in Fire Magic
   918 | D:5      | Reached skill level 2 in Ice Magic
   918 | D:5      | Reached skill level 2 in Air Magic
   918 | D:5      | Reached skill level 2 in Earth Magic
   918 | D:5      | Reached skill level 2 in Poison Magic
  1071 | D:6      | Found a runed door.
  1075 | D:6      | Noticed Crazy Yiuf
  1076 | D:6      | Killed Crazy Yiuf
  1076 | D:6      | Reached skill level 9 in Fighting
  1146 | D:6      | Reached * piety under Cheibriados
  1146 | D:6      | Reached skill level 3 in Invocations
  1228 | D:7      | Reached XP level 8. HP: 55/71 MP: 12/12
  1251 | D:7      | Reached skill level 4 in Bows
  1251 | D:7      | Reached skill level 4 in Dodging
  1251 | D:7      | Reached skill level 4 in Shields
  1251 | D:7      | Reached skill level 4 in Evocations
  1254 | D:7      | Reached skill level 3 in Short Blades
  1254 | D:7      | Reached skill level 3 in Long Blades
  1254 | D:7      | Reached skill level 3 in Axes
  1254 | D:7      | Reached skill level 3 in Maces & Flails
  1254 | D:7      | Reached skill level 3 in Polearms
  1254 | D:7      | Reached skill level 3 in Slings
  1254 | D:7      | Reached skill level 3 in Crossbows
  1254 | D:7      | Reached skill level 3 in Throwing
  1254 | D:7      | Reached skill level 3 in Armour
  1254 | D:7      | Reached skill level 3 in Stealth
  1254 | D:7      | Reached skill level 3 in Unarmed Combat
  1254 | D:7      | Reached skill level 3 in Spellcasting
  1344 | D:7      | Reached ** piety under Cheibriados
  1566 | D:8      | Reached skill level 3 in Conjurations
  1566 | D:8      | Reached skill level 3 in Hexes
  1566 | D:8      | Reached skill level 3 in Charms
  1566 | D:8      | Reached skill level 3 in Summonings
  1566 | D:8      | Reached skill level 3 in Necromancy
  1566 | D:8      | Reached skill level 3 in Translocations
  1566 | D:8      | Reached skill level 3 in Transmutations
  1566 | D:8      | Reached skill level 3 in Fire Magic
  1566 | D:8      | Reached skill level 3 in Ice Magic
  1566 | D:8      | Reached skill level 3 in Air Magic
  1566 | D:8      | Reached skill level 3 in Earth Magic
  1566 | D:8      | Reached skill level 3 in Poison Magic
  1566 | D:8      | Reached skill level 4 in Invocations
  1650 | D:8      | Reached XP level 9. HP: 54/76 MP: 14/14
  1664 | D:8      | Reached *** piety under Cheibriados
  1664 | D:8      | Reached skill level 6 in Staves
  1730 | D:9      | Found a runed door.
  1768 | D:9      | Found a runed door.
  1771 | D:9      | Found a runed door.
  1800 | D:9      | Reached skill level 4 in Short Blades
  1800 | D:9      | Reached skill level 4 in Long Blades
  1800 | D:9      | Reached skill level 4 in Axes
  1800 | D:9      | Reached skill level 4 in Maces & Flails
  1800 | D:9      | Reached skill level 4 in Polearms
  1800 | D:9      | Reached skill level 4 in Slings
  1800 | D:9      | Reached skill level 4 in Crossbows
  1800 | D:9      | Reached skill level 4 in Throwing
  1800 | D:9      | Reached skill level 4 in Armour
  1800 | D:9      | Reached skill level 4 in Stealth
  1800 | D:9      | Reached skill level 4 in Unarmed Combat
  1800 | D:9      | Reached skill level 4 in Spellcasting
  1820 | D:9      | Reached skill level 5 in Bows
  1820 | D:9      | Reached skill level 5 in Dodging
  1820 | D:9      | Reached skill level 5 in Shields
  1820 | D:9      | Reached skill level 5 in Evocations
  1836 | D:9      | Reached skill level 5 in Invocations
  1854 | D:9      | Reached XP level 10. HP: 65/85 MP: 15/17
  1859 | D:9      | Reached skill level 4 in Conjurations
  1859 | D:9      | Reached skill level 4 in Hexes
  1859 | D:9      | Reached skill level 4 in Charms
  1859 | D:9      | Reached skill level 4 in Summonings
  1859 | D:9      | Reached skill level 4 in Necromancy
  1859 | D:9      | Reached skill level 4 in Translocations
  1859 | D:9      | Reached skill level 4 in Transmutations
  1859 | D:9      | Reached skill level 4 in Fire Magic
  1859 | D:9      | Reached skill level 4 in Ice Magic
  1859 | D:9      | Reached skill level 4 in Air Magic
  1859 | D:9      | Reached skill level 4 in Earth Magic
  1859 | D:9      | Reached skill level 4 in Poison Magic
  1960 | D:9      | Found a runed door.
  1963 | D:9      | Found a runed door.
  2023 | D:9      | Reached skill level 5 in Short Blades
  2023 | D:9      | Reached skill level 5 in Long Blades
  2023 | D:9      | Reached skill level 5 in Axes
  2023 | D:9      | Reached skill level 5 in Maces & Flails
  2023 | D:9      | Reached skill level 5 in Polearms
  2023 | D:9      | Reached skill level 5 in Slings
  2023 | D:9      | Reached skill level 5 in Crossbows
  2023 | D:9      | Reached skill level 5 in Throwing
  2023 | D:9      | Reached skill level 5 in Armour
  2023 | D:9      | Reached skill level 5 in Stealth
  2023 | D:9      | Reached skill level 5 in Unarmed Combat
  2023 | D:9      | Reached skill level 5 in Spellcasting
  2031 | D:9      | Reached **** piety under Cheibriados
  2128 | D:10     | Entered Level 10 of the Dungeon
  2128 | D:10     | Found a staircase to the Orcish Mines.
  2132 | D:10     | Killed an unseen horror
  2132 | D:10     | Reached skill level 10 in Fighting
  2132 | D:10     | Reached skill level 7 in Staves
  2167 | D:10     | Found a flagged portal.
  2174 | D:10     | Noticed a two-headed ogre
  2177 | D:10     | Got a dazzling halberd
  2179 | D:10     | Got a shimmering spear
  2184 | D:10     | Killed a two-headed ogre
  2184 | D:10     | Reached skill level 6 in Bows
  2184 | D:10     | Reached skill level 6 in Dodging
  2184 | D:10     | Reached skill level 6 in Shields
  2184 | D:10     | Reached skill level 6 in Evocations
  2187 | Bailey   | Entered a bailey
  2201 | Bailey   | Identified the +10 halberd of Pow Ofas {antimagic, MR+}
                  | (You found it on level 10 of the Dungeon)
  2211 | Bailey   | Reached skill level 6 in Invocations
  2244 | Bailey   | Noticed an orc knight
  2244 | Bailey   | Noticed an orc knight
  2313 | Bailey   | Got a jewelled crystal plate armour
  2324 | Bailey   | Identified the +14 crystal plate armour "Gifosm Mafy"
                  | {Int+4 Dex+4} (You found it in a bailey)
  2335 | Bailey   | Killed an orc knight
  2338 | Bailey   | Killed an orc knight
  2338 | Bailey   | Reached XP level 11. HP: 34/91 MP: 6/19
  2502 | D:10     | Noticed Josephine
  2502 | D:10     | Noticed Sonja
  2511 | D:10     | Killed Josephine
  2517 | D:10     | Killed Sonja
  2517 | D:10     | Reached skill level 6 in Short Blades
  2517 | D:10     | Reached skill level 6 in Long Blades
  2517 | D:10     | Reached skill level 6 in Axes
  2517 | D:10     | Reached skill level 6 in Maces & Flails
  2517 | D:10     | Reached skill level 6 in Polearms
  2517 | D:10     | Reached skill level 6 in Slings
  2517 | D:10     | Reached skill level 6 in Crossbows
  2517 | D:10     | Reached skill level 6 in Throwing
  2517 | D:10     | Reached skill level 6 in Armour
  2517 | D:10     | Reached skill level 6 in Stealth
  2517 | D:10     | Reached skill level 6 in Unarmed Combat
  2517 | D:10     | Reached skill level 6 in Spellcasting
  2517 | D:10     | Reached skill level 5 in Conjurations
  2517 | D:10     | Reached skill level 5 in Hexes
  2517 | D:10     | Reached skill level 5 in Charms
  2517 | D:10     | Reached skill level 5 in Summonings
  2517 | D:10     | Reached skill level 5 in Necromancy
  2517 | D:10     | Reached skill level 5 in Translocations
  2517 | D:10     | Reached skill level 5 in Transmutations
  2517 | D:10     | Reached skill level 5 in Fire Magic
  2517 | D:10     | Reached skill level 5 in Ice Magic
  2517 | D:10     | Reached skill level 5 in Air Magic
  2517 | D:10     | Reached skill level 5 in Earth Magic
  2517 | D:10     | Reached skill level 5 in Poison Magic
  2592 | D:11     | Found a staircase to the Lair.
  2614 | D:11     | Noticed a two-headed ogre
  2619 | D:11     | Killed a two-headed ogre
  2717 | D:11     | Noticed a cyclops
  2728 | D:11     | Killed a cyclops
  2728 | D:11     | Reached ***** piety under Cheibriados
  2773 | Lair:1   | Entered Level 1 of the Lair of Beasts
  2773 | Lair:1   | Found a glowing silver altar of Zin.
  2812 | Lair:1   | Reached skill level 7 in Invocations
  2849 | Lair:1   | Noticed Prince Ribbit
  2852 | Lair:1   | Killed Prince Ribbit
  2852 | Lair:1   | Reached skill level 8 in Staves
  2852 | Lair:1   | Reached skill level 7 in Bows
  2852 | Lair:1   | Reached skill level 7 in Dodging
  2852 | Lair:1   | Reached skill level 7 in Shields
  2852 | Lair:1   | Reached skill level 7 in Evocations
  2937 | Lair:2   | Found a staircase to the Snake Pit.
  2938 | Lair:2   | Identified the +7 spear of Bodily Humours {pierce, Str+4}
                  | (You found it on level 10 of the Dungeon)
  2992 | Lair:1   | Noticed Joseph
  2998 | Lair:1   | Killed Joseph
  3001 | Lair:1   | Noticed an oklob plant
  3002 | Lair:1   | Noticed an oklob plant
  3016 | Lair:1   | Killed an oklob plant
  3022 | Lair:1   | Killed an oklob plant
  3026 | Lair:1   | Got an ichor-stained spear
  3067 | Lair:1   | Identified the cursed +0 spear of Salt {antimagic, rC+++
                  | Int-3 Dex-2 Stlth+} (You found it on level 1 of the Lair of
                  | Beasts)
  3068 | Lair:1   | Quit the game

Vault maps used:
D:1:      psy_arrival_terrarium
D:2:      hangedman_feature_mirror, minmay_hexomino_u4
D:4:      first_ration, uniq_ijyb
D:5:      temple_fountains, serial_shops, nicolae_shop_crystal
D:6:      basic_altar, uniq_crazy_yiuf_cottage
D:7:      tgw_trog, grunt_dithmenos_smoke_and_mirrors
D:8:      hangedman_little_slice_of_home, okawaru_humans, uniq_grum, uniq_harold
D:9:      erik_cavepeople
D:10:     david_orc_2, enter_bailey_2, uniq_josephine, uniq_fannar, uniq_sonja
D:11:     david_lair_shrubbed, minmay_misc_feat_nine_boxes
Temple:   minmay_crystal_snake_temple
Lair:1:   basic_altar, minmay_lair_oklob_chamber, uniq_joseph,
          uniq_prince_ribbit2
Lair:2:   minmay_swamp_entry_reptiles, guppyfry_snake_entry_island,
          kennysheep_abandoned_house
Bailey:   bailey_polearm_1, bailey

Skill      XL: |  1  2  3  4  5  6  7  8  9 10 11 |
---------------+----------------------------------+-----
Invocations    | 1 2 3 4 5 6 7 |  7.3
Short Blades   | 1 2 3 4 5 6 |  6.6
Long Blades    | 1 2 3 4 5 6 |  6.6
Axes           | 1 2 3 4 5 6 |  6.6
Maces & Flails | 1 2 3 4 5 6 |  6.6
Polearms       | 1 2 3 4 5 6 |  6.6
Slings         | 1 2 3 4 5 6 |  6.6
Crossbows      | 1 2 3 4 5 6 |  6.6
Throwing       | 1 2 3 4 5 6 |  6.6
Armour         | 1 2 3 4 5 6 |  6.6
Stealth        | 1 2 3 4 5 6 |  6.6
Unarmed Combat | 1 2 3 4 5 6 |  6.6
Spellcasting   | 1 2 3 4 5 6 |  6.6
Conjurations   | 1 2 3 4 5 |  5.5
Hexes          | 1 2 3 4 5 |  5.5
Charms         | 1 2 3 4 5 |  5.5
Summonings     | 1 2 3 4 5 |  5.5
Necromancy     | 1 2 3 4 5 |  5.5
Translocations | 1 2 3 4 5 |  5.5
Transmutations | 1 2 3 4 5 |  5.5
Fire Magic     | 1 2 3 4 5 |  5.5
Ice Magic      | 1 2 3 4 5 |  5.5
Air Magic      | 1 2 3 4 5 |  5.5
Earth Magic    | 1 2 3 4 5 |  5.5
Poison Magic   | 1 2 3 4 5 |  5.5
Bows           | 3 4 5 6 7 |  7.2
Dodging        | 3 4 5 6 7 |  7.2
Shields        | 3 4 5 6 7 |  7.2
Evocations     | 3 4 5 6 7 |  7.2
Staves         | 5 6 7 8 |  8.1
Fighting       | 9 10 | 10.7

Action                   |  1- 3 |  4- 6 |  7- 9 | 10-12 || total
-------------------------+-------+-------+-------+-------++-------
Melee: Quarterstaff      |    46 |    65 |   271 |    71 ||   453
       Bite              |     4 |     5 |    41 |    28 ||    78
       Halberd           |       |       |       |   125 ||   125
       Dagger            |       |       |       |     2 ||     2
 Fire: Hunting sling     |       |       |     3 |       ||     3
Throw: Stone             |     8 |    12 |       |       ||    20
       Javelin           |       |       |    23 |     2 ||    25
Invok: Slouch            |       |       |       |     2 ||     2
Evoke: Wand              |       |     2 |    12 |    29 ||    43
  Use: Potion            |     2 |     3 |     2 |     2 ||     9
       Scroll            |       |     5 |     4 |     4 ||    13
 Stab: Paralysed         |       |     4 |       |     8 ||    12
  Eat: Chunk             |       |       |     3 |     1 ||     4
       Ration            |       |       |     1 |     1 ||     2
Armor: Robe              |     5 |       |       |       ||     5
       Scale mail        |     8 |    29 |   139 |    28 ||   204
       Crystal plate arm |       |       |       |    85 ||    85
Dodge: Dodged            |    25 |    40 |   216 |   113 ||   394

Table legend:
 A = Non-vault XP
 B = Vault XP
 C = Vault XP percentage of total XP
 D = Non-vault monster count
 E = Vault monster count
 F = Vault count percentage of total count
                 A         B        C        D         E       F
            +---------+---------+-------+---------+---------+-------
      Total |    7681 |   10211 |  57.1 |     130 |      65 |  33.3
            +---------+---------+-------+---------+---------+-------
        D:1 |       6 |       0 |   0.0 |       3 |       0 |   0.0
        D:2 |      59 |      22 |  27.2 |      11 |       5 |  31.2
        D:3 |      31 |       0 |   0.0 |       9 |       0 |   0.0
        D:4 |     292 |      36 |  11.0 |       7 |       1 |  12.5
        D:5 |     470 |       0 |   0.0 |      12 |       0 |   0.0
        D:6 |     126 |      41 |  24.6 |       4 |       1 |  20.0
        D:7 |     930 |       0 |   0.0 |      32 |       0 |   0.0
        D:8 |     363 |     159 |  30.5 |      14 |       8 |  36.4
        D:9 |     763 |    2595 |  77.3 |      12 |      16 |  57.1
       D:10 |    1977 |    2636 |  57.1 |       8 |      12 |  60.0
       D:11 |    2042 |     350 |  14.6 |      13 |       1 |   7.1
     Lair:1 |     622 |    2691 |  81.2 |       5 |       8 |  61.5
     Bailey |       0 |    1681 | 100.0 |       0 |      13 | 100.0
            +---------+---------+-------+---------+---------+-------

Table legend:
 A = Turns spent in this place as a percentage of turns spent in the entire game.
 B = Non-inter-level travel turns spent in this place as a percentage of non-inter-level travel turns spent in the entire game.
 C = Inter-level travel turns spent in this place as a percentage of turns spent in this place.
 D = Turns resting spent in this place as a percentage of non-inter-level travel turns spent in this place.
 E = Turns spent auto-exploring this place as a percentage of non-inter-level travel turns spent in this place.
 F = Non-inter-level travel turns spent in this place divided by the number of levels of this place that you've seen.
                   A       B       C       D       E      F
               +-------+-------+-------+-------+-------+----------------------
         Total | 100.0 | 100.0 |   2.2 |   0.0 |   0.0 | 199.9
       Dungeon |  80.9 |  80.8 |   2.3 |   0.0 |   0.0 | 220.3
        Temple |   3.3 |   3.0 |  11.0 |   0.0 |   0.0 |  89.0
          Lair |   9.6 |   9.8 |   0.0 |   0.0 |   0.0 | 147.5
        Bailey |   6.3 |   6.4 |   0.0 |   0.0 |   0.0 | 192.0
               +-------+-------+-------+-------+-------+----------------------

Table legend:
 A = Kills in this place as a percentage of kills in entire the game.
 B = Kills by you in this place as a percentage of kills by you in the entire game.
 C = Kills by friends in this place as a percentage of kills by friends in the entire game.
 D = Other kills in this place as a percentage of other kills in the entire game.
 E = Experience gained in this place as a percentage of experience gained in the entire game.
 F = Experience gained in this place divided by the number of levels of this place that you have seen.
                   A       B       C       D       E      F
               +-------+-------+-------+-------+-------+----------------------
         Total | 100.0 | 100.0 |   N/A |   N/A | 100.0 | 1192.8
       Dungeon |  86.7 |  86.7 |   N/A |   N/A |  72.1 | 1172.5
          Lair |   6.7 |   6.7 |   N/A |   N/A |  18.5 | 1656.5
        Bailey |   6.7 |   6.7 |   N/A |   N/A |   9.4 | 1681.0
               +-------+-------+-------+-------+-------+----------------------

Vault maps used:
D:1:      psy_arrival_terrarium
D:2:      hangedman_feature_mirror, minmay_hexomino_u4
D:4:      first_ration, uniq_ijyb
D:5:      temple_fountains, serial_shops, nicolae_shop_crystal
D:6:      basic_altar, uniq_crazy_yiuf_cottage
D:7:      tgw_trog, grunt_dithmenos_smoke_and_mirrors
D:8:      hangedman_little_slice_of_home, okawaru_humans, uniq_grum, uniq_harold
D:9:      erik_cavepeople
D:10:     david_orc_2, enter_bailey_2, uniq_josephine, uniq_fannar, uniq_sonja
D:11:     david_lair_shrubbed, minmay_misc_feat_nine_boxes
Temple:   minmay_crystal_snake_temple
Lair:1:   basic_altar, minmay_lair_oklob_chamber, uniq_joseph,
          uniq_prince_ribbit2
Lair:2:   minmay_swamp_entry_reptiles, guppyfry_snake_entry_island,
          kennysheep_abandoned_house
Bailey:   bailey_polearm_1, bailey
